 Dungeon Crawl Stone Soup version 0.18.1-48-g4cf74bf (webtiles) character file.

2927 meme the Thaumaturge (level 9, -9/47 HPs)
             Began as a Deep Elf Air Elementalist on July 9, 2016.
             Was a Follower of Vehumet.
             Mangled by an orc warrior
             ... wielding a +0 long sword
              (16 damage)
             ... on level 8 of the Dungeon.
             The game lasted 01:07:37 (6130 turns).

meme the Thaumaturge (Deep Elf Air Elementalist)    Turns: 6130, Time: 01:07:38

Health: -9/47      AC: 10    Str:  8    XL:     9   Next: 50%
Magic:  6/25       EV: 14    Int: 21    God:    Vehumet [*.....]
Gold:   305        SH:  0    Dex: 15    Spells: 5 memorised, 9 levels left

rFire  . . .     SeeInvis .     w - +0 scimitar (flame)
rCold  . . .     Gourm    .     B - +2 robe {Archmagi}
rNeg   . . .     Faith    .     (no shield)
rPois  .         Spirit   .     g - +2 helmet
rElec  .         Dismiss  .     (no cloak)
rCorr  .         Reflect  .     (no gloves)
SustAt .         Harm     .     f - +2 pair of boots
MR     .....                    (no amulet)
Stlth  ++........               (no ring)
                                (no ring)

@: not resistant to hostile enchantments, unstealthy
A: no striking features
a: Renounce Religion


You were on level 8 of the Dungeon.
You worshipped Vehumet.
Vehumet was aware of your devotion.
You were hungry.

You visited 2 branches of the dungeon, and saw 10 of its levels.

You collected 305 gold pieces.

Inventory:

Hand Weapons
 d - a +2 dagger of holy wrath
 h - a +1 mace of holy wrath
 o - a +0 spear
 w - a +0 scimitar of flaming (weapon)
Armour
 f - a +2 pair of boots (worn)
 g - a +2 helmet (worn)
 B - a +2 robe of the Archmagi (worn)
Jewellery
 x - a cursed -5 ring of intelligence {unknown}
 C - a cursed -3 ring of intelligence {unknown}
 D - an uncursed ring of positive energy {unknown}
Wands
 p - a wand of lightning (5/15)
 A - a wand of flame (32/48)
Scrolls
 k - 2 scrolls of noise {unknown}
 n - a scroll of teleportation
 q - 2 scrolls of magic mapping
 r - a scroll of fog
 t - 2 scrolls of fear {unknown}
 u - 2 scrolls of amnesia
 y - a scroll of holy word {unknown}
Potions
 e - a potion of lignification {unknown}
 i - a potion of flight {unknown}
 j - 2 potions of heal wounds {unknown}
 l - a potion of invisibility {unknown}
 s - a potion of degeneration {unknown}
Books
 a - a book of Annihilations

   Spells                             Type                      Level
   a - Poison Arrow                   Conjuration/Poison           6
   b - Chain Lightning                Conjuration/Air              8
   c - Lehudib's Crystal Spear        Conjuration/Earth            8
   d - Glaciate                       Conjuration/Ice              9
   e - Fire Storm                     Conjuration/Fire             9
 b - a book of Air

   Spells                             Type                      Level
   a - Shock                          Conjuration/Air              1
   b - Swiftness                      Charms/Air                   2
   c - Repel Missiles                 Charms/Air                   2
   d - Static Discharge               Conjuration/Air              3
   e - Lightning Bolt                 Conjuration/Air              5
Comestibles
 c - 4 bread rations
 m - 4 chunks of flesh
 z - 2 meat rations


   Skills:
 + Level 1.3 Fighting
 + Level 2.0 Short Blades
 + Level 0.2 Polearms
 + Level 4.4 Dodging
 + Level 3.6 Stealth
 + Level 10.2 Spellcasting
 + Level 6.9 Conjurations
 + Level 1.1 Charms
 + Level 7.8 Air Magic


You had 9 spell levels left.
You knew the following spells:

 Your Spells              Type           Power        Failure   Level  Hunger
a - Shock                 Conj/Air       ####         1%          1    None
b - Swiftness             Chrm/Air       #####...     1%          2    None
c - Static Discharge      Conj/Air       ######..     1%          3    None
d - Lightning Bolt        Conj/Air       ######....   12%         5    ####...
e - Chain Lightning       Conj/Air       ######....   100%        8    #######


Dungeon Overview and Level Annotations

Branches:
Dungeon (9/15)             Temple (1/1) D:6
   Lair: D:8-11         Orc: D:9-12

Altars:
Ashenzari
Cheibriados
Dithmenos
Elyvilon
Fedhas
Gozag
Nemelex Xobeh
Okawaru
Pakellas
Ru
Trog
Vehumet
Yredelemnul
Zin
The Shining One

Shops:
D:5 }

Annotations:
D:7 daning's ghost, novice HESk


Message History

Casting: Lightning Bolt
Confirm with . or Enter, or press ? or * to list all spells.
You feel a surge of power!
The adder is struck by lightning.
You kill the adder!
Vehumet accepts your kill.
Your Short Blades skill increases to level 2!
The lightning arcs!
You are struck by lightning.
* * * LOW HITPOINT WARNING * * *
The lightning arcs!
There is a stone staircase leading up here.
The orc warrior closely misses you.
You climb upwards.
There is a stone staircase leading down here.
Things that are here:
a leather armour; a flail Read which item? (? for menu, Esc to quit)
As you read the scroll of summoning, it crumbles to dust.
Wisps of shadow whirl around you...
The orc warrior hits you with a long sword!
You die...

#W# #####...#
#.##### ##.##<###.#
#.....#
#######.#...# .#
#####.#
#...........###.#
#.#
#.######.###...##
#[# #.# #.# #.##
#.# #O# #.# #.# #.#
#o# ##.####.####
#.# #@#
#........... #.#
#l# #..###......
#.#
#s#####...........
#.#
#......(.#########
#.#########.######
#
#..................
.
###################
##


You could see an orc warrior, a friendly ogre, a friendly scorpion and a
friendly giant gecko.

Vanquished Creatures
  Erica (D:8)
  A two-headed ogre (D:9)
  A hungry ghost (D:8)
  A hippogriff (D:9)
  An ice beast (D:8)
  A phantom (D:5)
  2 ogres
  2 black bears (D:6)
  A centaur (D:7)
  A big kobold (D:7)
  2 giant frogs (D:7)
  2 scorpions
  A howler monkey (D:4)
  2 orc priests (D:3)
  4 hounds
  5 orc wizards
  3 iguanas
  5 worker ants
  A worker ant zombie (D:5)
  4 adders
  10 gnolls (D:3)
  A shadow imp (D:8)
  An ooze (D:2)
  3 adder skeletons
  4 worms
  2 dart slugs
  A giant gecko (D:5)
  28 orcs
  9 giant cockroaches
  36 hobgoblins
  9 jackals
  9 kobolds
  4 quokkas
  A ball python (D:3)
  2 bats
  A giant newt (D:1)
  24 goblins
  A jackal skeleton (D:6)
  5 rats
192 creatures vanquished.

Vanquished Creatures (others)
  A quokka (D:8)
1 creature vanquished.

Grand Total: 193 creatures vanquished

Notes
Turn   | Place    | Note
--------------------------------------------------------------
     0 | D:1      | meme the Deep Elf Air Elementalist began the quest for the Orb.
     0 | D:1      | Reached XP level 1. HP: 10/10 MP: 6/6
    90 | D:1      | Reached XP level 2. HP: 7/15 MP: 0/8
   399 | D:1      | Learned a level 2 spell: Swiftness
   605 | D:2      | Reached XP level 3. HP: 19/19 MP: 4/9
   610 | D:2      | Learned a level 3 spell: Static Discharge
   952 | D:3      | Reached skill level 4 in Spellcasting
   954 | D:3      | Reached XP level 4. HP: 16/24 MP: 2/12
  1533 | D:3      | Reached XP level 5. HP: 19/28 MP: 0/13
  2116 | D:3      | Reached skill level 5 in Spellcasting
  2233 | D:3      | Learned a level 5 spell: Lightning Bolt
  2299 | D:3      | Reached XP level 6. HP: 25/32 MP: 8/16
  2355 | D:3      | Found a snail-covered altar of Cheibriados.
  2413 | D:3      | Found a basalt altar of Yredelemnul.
  2547 | D:4      | Found a bloodstained altar of Trog.
  2553 | D:4      | Found an oddly glowing altar of Pakellas.
  2730 | D:4      | Reached skill level 6 in Spellcasting
  3089 | D:5      | Entered Level 5 of the Dungeon
  3156 | D:5      | Found Neykax's Gadget Emporium.
  3236 | D:5      | Reached skill level 5 in Air Magic
  3236 | D:5      | Reached XP level 7. HP: 26/36 MP: 0/18
  3370 | D:5      | You fall through a shaft for 3 floors!
  3442 | D:7      | Noticed a spriggan baker
  3708 | D:6      | Reached skill level 7 in Spellcasting
  3963 | D:6      | Found a radiant altar of Vehumet.
  3966 | D:6      | Became a worshipper of Vehumet
  4120 | D:6      | Found a staircase to the Ecumenical Temple.
  4129 | Temple   | Entered the Ecumenical Temple
  4312 | D:7      | Reached skill level 8 in Spellcasting
  4312 | D:7      | Reached skill level 5 in Conjurations
  4312 | D:7      | Reached XP level 8. HP: 36/41 MP: 18/22
  4615 | D:7      | Noticed daning's ghost (novice HESk)
  4773 | D:8      | Noticed Erica
  4963 | D:7      | Found a shattered altar of Ashenzari.
  4994 | D:7      | Found a glowing silver altar of Zin.
  5225 | D:8      | Reached skill level 9 in Spellcasting
  5475 | D:8      | Learned a level 5 spell: Lightning Bolt
  5527 | D:8      | Found a blossoming altar of Fedhas.
  5664 | D:9      | Reached * piety under Vehumet
  5664 | D:9      | Offered knowledge of Freeze by Vehumet.
  5669 | D:9      | Noticed a two-headed ogre
  5843 | D:8      | Found a white marble altar of Elyvilon.
  5853 | D:8      | Killed Erica
  5853 | D:8      | Reached skill level 1 in Fighting
  5853 | D:8      | Reached skill level 1 in Short Blades
  5853 | D:8      | Reached XP level 9. HP: 39/47 MP: 4/24
  5904 | D:8      | Learned a level 8 spell: Chain Lightning
  6027 | D:9      | Reached skill level 10 in Spellcasting
  6038 | D:9      | Reached skill level 1 in Charms
  6130 | D:8      | Mangled by an orc warrior

Skill      XL: |  1  2  3  4  5  6  7  8  9 |
---------------+----------------------------+-----
Spellcasting   | 4 5 6 8 9 10 | 10.2
Conjurations   | 2 3 5 6 |  6.9
Air Magic      | 4 5 7 |  7.8
Dodging        | 3 4 |  4.4
Stealth        | 3 |  3.6
Fighting       | 1 |  1.3
Short Blades   | 1 2 |  2.0
Charms         | 1 |  1.1
Polearms       | |  0.2

Action                   |  1- 3 |  4- 6 |  7- 9 || total
-------------------------+-------+-------+-------++-------
Melee: Unarmed           |     1 |       |       ||     1
       Dagger            |     3 |     2 |    20 ||    25
       Mace              |     2 |       |       ||     2
       Spear             |       |    12 |       ||    12
 Cast: Shock             |    76 |   151 |   110 ||   337
       Static Discharge  |     2 |    26 |    35 ||    63
       Swiftness         |     1 |     1 |     3 ||     5
       Lightning Bolt    |       |       |    11 ||    11
Evoke: Wand              |       |       |     1 ||     1
  Use: Scroll            |       |     4 |    13 ||    17
       Potion            |       |       |     1 ||     1
  Eat: Chunk             |       |     6 |     4 ||    10
       Bread ration      |       |     1 |     1 ||     2
       Beef jerky        |       |       |     2 ||     2
Armor: Robe              |     5 |    18 |    17 ||    40
Dodge: Dodged            |    28 |    49 |    51 ||   128
